Misha, chaotic female gnomish Wizard # # --------- ------------ --|-+------ |.......| |...........# |.........| |.......| |..>.......|########+.........-####### --|------ |...........# --+-------- # ------- # -----.------# ## ###|.....| # ## # # #......| # ------- # # ### |.....| # |.....| ### # # |.....| # |......# # # # |.....| ### #+.....|# ### ############ # ------- # ###|.....|# # # -+-+---------- ----|-- # -------#######%###############-............| |..<...################ -.--------- ### |............| |.....| # # |.........| # |.......>....| |......## ### |K........| ##+............| ----+-- # |.........| |............| # ##@.........| -------------- |.........| ----------- Misha the Conjurer Experience level: 4 Strength: 12 Dexterity: 15 Constitution: 16 Intelligence: 16 Wisdom: 10 Charisma: 8 Health: 0(22) Energy: 23(42) AC: 5 Gold: 0 Moves: 793 Your Inventory: Weapons a - a blessed +4 quarterstaff (weapon in hands) Armor b - an uncursed +0 cloak of magic resistance (being worn) o - an [uncursed] +0 scale mail (being worn) Scrolls j - an uncursed scroll of confuse monster k - an uncursed scroll of create monster w - an [uncursed] scroll called uncurse [of remove curse] x - an [uncursed] scroll labeled READ ME [of punishment] Spellbooks l - a blessed spellbook of force bolt m - an uncursed spellbook of create monster Potions f - an uncursed potion of fruit juice g - a blessed potion of healing Rings d - an uncursed ring of stealth (on right hand) e - an uncursed +2 ring of gain dexterity (on left hand) Wands c - an uncursed wand of digging (0:4) Tools p - an [uncursed magic] whistle Spells known in the end: Name Level Category Fail Memory a - force bolt 1 attack 47% [||||||||] b - create monster 2 clerical 95% [||||||||] Your skills at the end: Fighting Skills Weapon Skills quarterstaff [Basic / Expert] Spellcasting Skills attack spells [Basic / Expert] enchantment spells [Basic / Skilled] Final Attributes: You were fervently aligned. Hunger level was 227. Your alignment was 11 / 13. Monster difficulty range was 0 - 3. Level difficulty was 2. You were magic-protected. You had infravision. You were stealthy. You were unlucky (-3). You are dead. Vanquished creatures: a small mimic a kitten a Kop Sergeant a giant rat a jackal a fox a kobold a goblin 2 grid bugs a lichen a kobold zombie 3 newts 15 creatures vanquished. Genocided or extinct species: dwarves 1 species genocided. 1 species extinct. Voluntary challenges: You used a wielded weapon 11 times. You read items or engraved 6 times. You put on armor 3 times. You genocided 1 type of monster. You never polymorphed an object. You never changed form. You used no wishes. You never wrote Elbereth's name. You never encountered a bones level. You never used any Sokoban shortcuts. Dungeon overview: The Dungeons of Doom: levels 1 to 2 Level 1 an altar to Anhur a long staircase Level 2 <- You were here a scroll shop a long staircase History has recorded: On T:1 you entered the Dungeons of Doom to retrieve the Amulet of Yendor! On T:491 you advanced to experience level 2. On T:565 you reached level 2 of The Dungeons of Doom. On T:705 you advanced to experience level 3. On T:743 you genocided all dwarves On T:749 you advanced to experience level 4. Latest messages: The phial crashes on Nenagh's head and breaks into shards. The potion of blindness evaporates. It suddenly gets dark. You hear a nearby zap. Boing! You hear a nearby zap. Boing! You can see again. You don't have anything to eat. Nenagh attacks a spot beside you. Nenagh strikes at thin air! Nenagh attacks a spot beside you. Nenagh strikes at thin air! Nenagh swings wildly and misses! Nenagh attacks a spot beside you. [HP+1=15] The door opens. Nenagh strikes at thin air! (2x) Nenagh hits! (2x) You die... Nenagh takes all your possessions. Final status: Goodbye Misha the Wizard... You died in The Dungeons of Doom on dungeon level 2 with 594 points, and 0 pieces of gold, after 793 moves. You were level 4 with a maximum of 22 hit points when you died.